 Dungeon Crawl Stone Soup version 0.23.2-1-ga50397a (webtiles) character file.

Game seed: 14917303580953461491

1369 Borgoz the Carver (level 8, 0/93 HPs)
             Began as a Minotaur Gladiator on May 26, 2019.
             Was a Follower of Okawaru.
             Killed from afar by Dowan (19 damage)
             ... with a shard of ice
             ... on level 6 of the Dungeon.
             The game lasted 00:06:12 (4458 turns).

Borgoz the Carver (Minotaur Gladiator)              Turns: 4458, Time: 00:06:12

Health: 0/93       AC: 10    Str: 26    XL:     8   Next: 38%
Magic:  7/7        EV: 13    Int:  5    God:    Okawaru [*.....]
Gold:   295        SH:  0    Dex: 12    Spells: 7/7 levels left

rFire    . . .     SeeInvis .   a - +0 long sword
rCold    . . .     Gourm    .   (no shield)
rNeg     . . .     Faith    .   h - +0 scale mail
rPois    .         Spirit   .   c - +0 hat
rElec    .         Reflect  .   (no cloak)
rCorr    .         Harm     .   b - +0 pair of gloves
MR       .....                  p - +0 pair of boots
Stlth    ..........             (no amulet)
HPRegen  0.25/turn              (no ring)
MPRegen  0.10/turn              (no ring)

@: berserking, lethally poisoned (0 -> -18), flying, very quick
A: retaliatory headbutt, horns 2
a: Heroism, Renounce Religion


You were on level 6 of the Dungeon.
You worshipped Okawaru.
Okawaru was aware of your devotion.
You were not hungry.

You visited 2 branches of the dungeon, and saw 7 of its levels.
You also visited: Sewer.

You collected 295 gold pieces.

Inventory:

Hand Weapons
 a - a +0 long sword (weapon)
 u - the cursed +2 hunting sling of Temperance {venom, Dex+4, unknown}
   (You found it on level 4 of the Dungeon)

   It poisons the ammo it fires.
   It affects your dexterity (+4).
   It has a curse placed upon it.
Missiles
 d - 5 throwing nets (quivered)
Armour
 b - a +0 pair of gloves (worn)
 c - a +0 hat (worn)
 h - a +0 scale mail (worn)
 p - a +0 pair of boots (worn)
Jewellery
 q - an uncursed ring of ice
 v - an uncursed ring of fire {unknown}
 w - a cursed -2 ring of strength {unknown}
Scrolls
 g - 5 scrolls of remove curse
 i - a scroll of teleportation {unknown}
 j - a scroll of immolation {unknown}
 l - 2 scrolls of enchant armour {unknown}
 m - a scroll of enchant weapon {unknown}
 o - 2 scrolls of blinking {unknown}
 r - a scroll of magic mapping {unknown}
 s - a scroll of fog {unknown}
 t - a scroll of holy word {unknown}
 x - a scroll of identify {unknown}
 y - a scroll of fear {unknown}
Potions
 e - a potion of curing
 k - a potion of cancellation {unknown}
 n - a potion of flight
 A - a potion of might {unknown}
Comestibles
 f - 9 rations
 B - 10 chunks of flesh


   Skills:
 - Level 2.4 Fighting
 * Level 9.5 Long Blades
 - Level 2.0 Throwing
 + Level 5.8 Armour
 + Level 6.5 Dodging


You had 7 spell levels left.
You didn't know any spells.
Your spell library was empty.

Dungeon Overview and Level Annotations

Branches:
Dungeon (6/15)             Temple (1/1) D:5

Altars:
Ashenzari
Elyvilon
Gozag
Hepliaklqana
Kikubaaqudgha
Makhleb
Nemelex Xobeh
Okawaru
Qazlal
Ru
Sif Muna
Uskayaw
Vehumet
Wu Jian
Xom
Yredelemnul
Zin
The Shining One

Annotations:
D:6 Dowan


Innate Abilities, Weirdness & Mutations

You reflexively headbutt those who attack you in melee.
You have a pair of horns on your head.


Message History

You slash Duvessa!
Duvessa is severely wounded.
Duvessa hits you with a +0 short sword.
* * * LOW HITPOINT WARNING * * *
Dowan misses you.
You slash Duvessa!
You kill Duvessa!
Okawaru accepts your kill.
Dowan screams, "No!
No!"
Dowan seems to find hidden reserves of power!
You feel sick. Dowan hits you but does no damage.
You are more poisoned.
You slash the orc priest!
You kill the orc priest!
Okawaru accepts your kill.
* * * LOW HITPOINT WARNING * * *
You feel sick.
Dowan points at you and mumbles some strange words.
The shard of ice hits you!!
You die...

#.# #....##.# #.#
####.##.# #
##'######.##.# ..
#.......#.##.. ...
#.......#.###. ....
#.........# . ...).
#.......###
......#####.......#
.....oo@e.........#
(.....#####.......#
..... #.......#
.... #.......# ...
.#.#####.####### ..
#............... #
#..#####.########
.########.<.......
...........#.#####


You could see Dowan, an orc priest and an orc.

Vanquished Creatures
  Duvessa (D:6)
  An orc warrior (D:6)
  The ghost of Grendash the Skirmisher, an amateur DrBe of Trog (D:4)
  A phantom (D:3)
  A centaur (D:5)
  An ogre (D:6)
  3 bullfrogs
  A jelly (D:5)
  7 orc priests
  3 orc wizards
  2 bullfrog skeletons
  A worker ant (D:4)
  A hound skeleton (D:6)
  2 worker ant zombies (D:5)
  3 adders
  2 river rats (D:4)
  7 oozes
  An adder zombie (D:5)
  A worm (D:4)
  2 dart slugs
  9 leopard geckos
  11 orcs
  9 ball pythons
  18 giant cockroaches
  5 hobgoblins
  4 jackals (D:1)
  4 quokkas
  A ball python zombie (D:5)
  8 bats
  14 frilled lizards
  5 goblins
  10 kobolds
  2 quokka skeletons (D:5)
  11 rats
  A spectral orc (D:4)
154 creatures vanquished.

Notes
Turn   | Place    | Note
-------+----------+-------------------------------------------
     0 | D:1      | Borgoz the Minotaur Gladiator began the quest for the Orb.
     0 | D:1      | Reached XP level 1. HP: 18/18 MP: 0/0
   153 | D:1      | Reached skill level 4 in Long Blades
   200 | D:1      | Reached XP level 2. HP: 15/25 MP: 1/1
   436 | D:1      | Reached skill level 1 in Armour
   568 | D:1      | Reached XP level 3. HP: 21/30 MP: 2/2
   948 | D:2      | Found a sacrificial altar of Ru.
  1724 | D:3      | Noticed a phantom
  1773 | D:3      | Killed a phantom
  1773 | D:3      | Reached skill level 5 in Long Blades
  1773 | D:3      | Reached XP level 4. HP: 22/37 MP: 3/3
  1773 | D:3      | Reached XP level 5. HP: 25/42 MP: 4/4
  2187 | D:4      | Reached skill level 6 in Long Blades
  2218 | D:4      | Reached XP level 6. HP: 25/50 MP: 5/5
  2226 | D:4      | Found a glowing drain.
  2230 | Sewer    | Entered a sewer
  2457 | Sewer    | Reached skill level 7 in Long Blades
  2457 | Sewer    | Reached skill level 5 in Dodging
  2739 | D:4      | Got a translucent hunting sling
  2982 | D:4      | Found a large runed translucent door.
  2983 | D:4      | Found a large runed translucent door.
  2985 | D:4      | Noticed Grendash's ghost (amateur DrBe)
  3005 | D:4      | Killed Grendash's ghost
  3005 | D:4      | Reached XP level 7. HP: 43/56 MP: 6/6
  3315 | D:4      | Found a basalt altar of Yredelemnul.
  3436 | D:5      | Entered Level 5 of the Dungeon
  3486 | D:5      | Found a staircase to the Ecumenical Temple.
  3540 | Temple   | Entered the Ecumenical Temple
  3692 | Temple   | Became a worshipper of Warmaster Okawaru
  3815 | D:5      | Reached skill level 8 in Long Blades
  4277 | D:6      | Reached skill level 5 in Armour
  4314 | D:6      | Reached XP level 8. HP: 56/62 MP: 7/7
  4317 | D:6      | Reached * piety under Okawaru
  4361 | D:6      | Reached skill level 9 in Long Blades
  4439 | D:6      | Noticed Duvessa
  4439 | D:6      | Noticed Dowan
  4457 | D:6      | Killed Duvessa
  4458 | D:6      | Killed from afar by Dowan

Skill      XL: |  1  2  3  4  5  6  7  8 |
---------------+-------------------------+-----
Long Blades    | 4 5 6 7 8 9 |  9.5
Armour         | 1 2 3 4 5 |  5.8
Dodging        | 4 5 6 |  6.5
Fighting       | |  2.4
Throwing       | |  2.0

Action                   |  1- 3 |  4- 6 |  7- 9 || total
-------------------------+-------+-------+-------++-------
Melee: Long sword        |   120 |   154 |   111 ||   385
       Headbutt          |    13 |    19 |    24 ||    56
Throw: Throwing net      |       |       |     1 ||     1
  Use: Scroll            |     1 |       |       ||     1
       Potion            |       |       |     4 ||     4
 Stab: Paralysed         |     2 |       |       ||     2
       Held in net/web   |       |       |     1 ||     1
  Eat: Chunk             |     3 |     3 |     3 ||     9
       Ration            |       |       |     1 ||     1
Armor: Scale mail        |    60 |    90 |    46 ||   196
       Leather armour    |     2 |       |       ||     2
Dodge: Dodged            |   100 |   109 |    70 ||   279
       Rpst.: Long sword |    23 |    27 |    13 ||    63
